 Dungeon Crawl Stone Soup version 0.32-a0-666-ge8a88695a4 (webtiles) character file.

Game seed: 8947909894527634180

277457 gimp the Severer (level 21, -21/158 (174) HPs)
             Began as a Formicid Monk on Mar 10, 2024.
             Was a High Priest of Uskayaw.
             Demolished by an ettin
             ... wielding a +0 dire flail
              (23 damage)
             ... on level 2 of the Vaults.
             The game lasted 01:30:33 (45751 turns).

gimp the Severer (Formicid Monk)                   Turns: 45751, Time: 01:30:34

HP:   -21/158 (174) AC: 20    Str: 30    XL:     21   Next: 26%
MP:   0/51          EV: 14    Int: 20    God:    Uskayaw [*****.]
Gold: 2331          SH: 15    Dex: 18    Spells: 20/20 levels left

rFire   + + .        a - +5 battleaxe (freeze)
rCold   + + .        z - +2 kite shield {reflect}
rNeg    + . .        B - +2 scale mail {rC+}
rPois   +            (helmet unavailable)
rElec   +            L - +0 cloak
rCorr   +            g - +0 pair of gloves of the Crypt {Fly rN+ Will+ Int+2}
SInv    +            T - +2 pair of boots of the Puckish God {Int+4}
Will    +++..        f - amulet of guardian spirit Stlth
                     X - ring "Zoupp" {rPois rF+ MP+9 Int+3}
HPRegen 0.46/turn    K - ring "Peuv" {MP+9 Str+6 SInv}
MPRegen 0.32/turn

%: reflection, guardian spirit
@: resistant, flying, drained
A: permanent stasis, dig shafts and tunnels, antennae 3, four strong arms,
persistent drain
}: 2/15 runes: barnacled, gossamer
a: Dig, Shaft Self, Renounce Religion, Stomp, Line Pass, Grand Finale


You were on level 2 of the Vaults.
You worshipped Uskayaw.
Uskayaw was most pleased with you.
You visited 7 branches of the dungeon, and saw 33 of its levels.
You also visited: Ice Cave.

You collected 3641 gold pieces.
You spent 1310 gold pieces at shops.

Inventory:

Hand Weapons
 a - a +5 battleaxe of freezing (weapon)
 b - a +4 heavy battleaxe
 c - the +5 war axe of the Valley of Death {freeze, rCorr}
   (You found it on level 2 of the Lair of Beasts)

   rCorr:     It protects you from acid and corrosion.
Missiles
 u - 4 curare-tipped darts
 A - 7 throwing nets
Armour
 g - the +0 pair of gloves of the Crypt (worn) {Fly rN+ Will+ Int+2}
   (You bought it in a shop on level 8 of the Dungeon)

   Int+2:     It affects your intelligence (+2).
   rN+:       It protects you from negative energy.
   Will+:     It increases your willpower.
   Fly:       It grants you flight.
 z - a +2 kite shield of reflection (worn)
 B - a +2 scale mail of cold resistance (worn)
 L - a +0 cloak (worn)
 S - a +2 tower shield
 T - the +2 pair of boots of the Puckish God (worn) {Int+4}
   (You found it on level 4 of the Spider Nest)

   Int+4:     It affects your intelligence (+4).
Jewellery
 f - an amulet of guardian spirit (around neck)
 i - a ring of resist corrosion
 p - a ring of flight
 r - a ring of positive energy
 C - the ring "Irawou" {rF+ Int+2 Stlth+}
   (You found it on level 4 of the Shoals)

   [ring of protection from fire]

   Int+2:     It affects your intelligence (+2).
   rF+:       It protects you from fire.
   Stlth+:    It makes you more stealthy.
 K - the ring "Peuv" (right hand) {MP+9 Str+6 SInv}
   (You found it on level 1 of the Lair of Beasts)

   [ring of strength]

   Str+6:     It affects your strength (+6).
   MP+9:      It affects your magic capacity (+9).
   SInv:      It lets you see invisible.
 N - a ring of willpower
 Q - a ring of protection from cold
 X - the ring "Zoupp" (left hand) {rPois rF+ MP+9 Int+3}
   (You took it off a merfolk siren on level 4 of the Shoals)

   [ring of poison resistance]

   Int+3:     It affects your intelligence (+3).
   rF+:       It protects you from fire.
   rPois:     It protects you from poison.
   MP+9:      It affects your magic capacity (+9).
Wands
 j - a wand of iceblast (2)
 t - a wand of charming (34)
 w - a wand of digging (8)
 x - a wand of mindburst (1)
 F - a wand of flame (46)
 O - a wand of quicksilver (16)
 Z - a wand of polymorph (5)
Scrolls
 e - 8 scrolls of fog
 h - 8 scrolls of fear
 n - 10 scrolls of vulnerability
 o - 5 scrolls of poison
 q - 5 scrolls of immolation
 s - 3 scrolls of torment
 y - 4 scrolls of revelation
 H - 6 scrolls of enchant weapon
 P - 2 scrolls of brand weapon
Potions
 d - 3 potions of mutation
 l - 5 potions of lignification
 m - 3 potions of ambrosia
 v - 2 potions of enlightenment
 D - 3 potions of resistance
 I - 4 potions of cancellation
 J - 4 potions of invisibility
 M - a potion of might
 Y - a potion of curing
Miscellaneous
 E - a lightning rod (4/4)
 R - a tin of tremorstones (inert)


   Skills:
 - Level 17.0 Fighting
 - Level 20.0 Axes
 - Level 19.0 Armour
 - Level 7.1 Dodging
 + Level 13.2 Shields
 + Level 16.4 Invocations
 - Level 11.0 Evocations


You had 20 spell levels left.
You didn't know any spells.
Your spell library contained the following spells:

 Spells                   Type           Power      Damage    Failure   Level
 Apportation              Tloc           0%         N/A       41%         1
 Freeze                   Ice            0%         1d3       41%         1
 Magic Dart               Conj           0%         1d3       41%         1
 Call Imp                 Summ           0%         N/A       54%         2
 Ensorcelled Hibernation  Hex/Ice        0%         N/A       54%         2
 Jinxbite                 Hex            0%         N/A       54%         2
 Searing Ray              Conj           0%         2d4       54%         2
 Sublimation of Blood     Necr           0%         N/A       54%         2
 Call Canine Familiar     Summ           0%         N/A       78%         3
 Dazzling Flash           Conj/Hex       0%         N/A       78%         3
 Frozen Ramparts          Ice            0%         1d1       78%         3
 Fugue of the Fallen      Necr           0%         N/A       78%         3
 Hailstorm                Conj/Ice       0%         3d5       78%         3
 Ozocubu's Armour         Ice            0%         N/A       78%         3
 Passwall                 Erth           0%         N/A       78%         3
 Sigil of Binding         Hex            0%         N/A       78%         3
 Tukima's Dance           Hex            0%         N/A       78%         3
 Volatile Blastmotes      Fire/Tloc      0%         2d10      78%         3
 Animate Armour           Summ/Erth      0%         N/A       99%         4
 Animate Dead             Necr           0%         N/A       99%         4
 Brom's Barrelling Bould  Conj/Erth      0%         2d3       99%         4
 Dimensional Bullseye     Hex/Tloc       0%         N/A       99%         4
 Fulminant Prism          Conj/Alch      0%         3d5       99%         4
 Iskenderun's Mystic Bla  Conj/Tloc      0%         2d3       99%         4
 Leda's Liquefaction      Alch/Erth      0%         N/A       99%         4
 Manifold Assault         Tloc           0%         N/A       99%         4
 Petrify                  Alch/Erth      0%         N/A       99%         4
 Summon Lightning Spire   Summ/Air       0%         N/A       99%         4
 Alistair's Intoxication  Alch           0%         N/A       100%        5
 Fireball                 Conj/Fire      0%         3d3       100%        5
 Irradiate                Conj/Alch      0%         3d11      100%        5
 Iskenderun's Battlesphe  Conj           0%         2d6       100%        5
 Lee's Rapid Deconstruct  Erth           0%         3d4*      100%        5
 Bombard                  Conj/Erth      0%         9d1       100%        6
 Conjure Ball Lightning   Conj/Air       0%         3x3d6     100%        6
 Sculpt Simulacrum        Ice/Alch       0%         N/A       100%        6
 Starburst                Conj/Fire      0%         6d3       100%        6
 Haunt                    Necr/Summ      0%         N/A       100%        7
 Orb of Destruction       Conj           0%         9d5       100%        7
 Ozocubu's Refrigeration  Ice            0%         4d7       100%        7
 Spellforged Servitor     Conj/Summ      0%         N/A       100%        7
 Summon Hydra             Summ           0%         N/A       100%        7
 Infestation              Necr           0%         N/A       100%        8
 Maxwell's Capacitive Co  Air            0%         ∞         100%        8
 Fire Storm               Conj/Fire      0%         5d1       100%        9
 Polar Vortex             Ice            0%         N/A       100%        9
 Swiftness                Air            Unusable   N/A       N/A         3

Dungeon Overview and Level Annotations

Branches:
Dungeon (15/15)            Temple (1/1) D:5            Lair (5/5) D:8
 Shoals (4/4) Lair:3       Spider (4/4) Lair:3        Slime (0/5) Lair:4
    Orc (2/2) D:11            Elf (0/3) Orc:2        Vaults (2/5) D:14
  Crypt (0/3) Vaults:2     Depths (0/4) D:15          IceCv (visited)

Altars:
Ashenzari
Cheibriados
Dithmenos
Elyvilon
Fedhas
Gozag
Hepliaklqana
Kikubaaqudgha
Makhleb
Nemelex Xobeh
Okawaru
Qazlal
Ru
Sif Muna
Trog
Uskayaw
Vehumet
Wu Jian
Xom
Yredelemnul
Zin
The Shining One
Beogh
Jiyva

Shops:
D:2 *   D:7 (   D:8 *   Orc:2 !*?:   Shoals:1 *   Vaults:1 =

Annotations:
D:3 2 transporters, mitch45678's ghost, amateur OnFi
D:15 exclusion: 4 doors
Lair:5 3 runed translucent doors, exclusions: 3 doors and 1 more exclusion, dolemite99's ghost, journeyman DsSh; occam's ghost, journeyman CoHu
Shoals:1 3 runed translucent doors, exclusion: 3 doors, hikkokomori's ghost, adept CoBe
Shoals:2 6 transporters


Innate Abilities, Weirdness & Mutations

You cannot be hasted, slowed, berserked, paralysed or teleported.
You can dig through walls and to a lower floor.
You have a pair of large antennae on your head. (SInv)
Your four strong arms can wield two-handed weapons with a shield.
Your health recovers twice as slowly from being drained.


Message History

Uskayaw will force your foes to share their pain.
Uskayaw links your audience in an emotional bond!
You slash the ironbound thunderhulk! You freeze the ironbound thunderhulk.
You kill the ironbound thunderhulk!
An ironbound thunderhulk comes into view.
It is wielding a +0 dire flail.
The tengu reaver points at you and mumbles some strange words.
The bolt of lightning hits you!!!
* * * LOW HITPOINT WARNING * * *
You hear two shouts!
You take 27 damage, and have 46/156 hp.
You now have 17/51 mp.
You block the ironbound convoker's attack.
Strange energies crackle from the ironbound thunderhulk's apparatus.
The ironbound thunderhulk blinks!
You slash the ironbound convoker! You freeze the ironbound convoker.
You kill the ironbound convoker!
The tengu reaver casts a spell at you. The bolt of poison hits you! You resist.
* * * LOW HITPOINT WARNING * * *
You take 7 damage, and have 39/157 hp.
You now have 14/51 mp.
Okay, then.
Okay, then.
You feel protected.
Electricity crackles from the ironbound thunderhulk's apparatus.
The bolt of lightning hits you! You resist.
* * * LOW HITPOINT WARNING * * *
You take 7 damage, and have 32/157 hp.
You now have 11/51 mp.
You slice the tengu reaver!! You freeze the tengu reaver!
The tengu reaver is almost dead.
You hit the tengu reaver. You freeze the tengu reaver.
The tengu reaver is almost dead.
The tengu reaver hits you but does no damage.
You block the tengu reaver's attack. x2
You closely miss the tengu reaver.
The tengu reaver is almost dead.
Electricity crackles from the ironbound thunderhulk's apparatus.
The bolt of lightning hits you! You resist.
* * * LOW HITPOINT WARNING * * *
You block the tengu reaver's attack.
The tengu reaver pecks you but does no damage.
The tengu reaver claws you but does no damage.
You take 11 damage, and have 22/157 hp.
You now have 9/51 mp.
Okay, then.
Unknown command.
You miss the tengu reaver.
The tengu reaver is almost dead.
Electricity crackles from the ironbound thunderhulk's apparatus.
The bolt of lightning hits you! You resist.
* * * LOW HITPOINT WARNING * * *
The yaktaur captain wields a +0 arbalest.
The yaktaur captain shoots a bolt.
The bolt closely misses you.
The tengu reaver hits you with a +0 dire flail!
* * * LOW HITPOINT WARNING * * *
The tengu reaver completely misses you. x2
You take 16 damage, and have 6/157 hp.
You now have 2/51 mp.
You feel better.
The tengu reaver is no longer sharing its pain.
Electricity crackles from the ironbound thunderhulk's apparatus.
The bolt of lightning hits you! You resist.
* * * LOW HITPOINT WARNING * * *
An ettin comes into view. It is wielding two +0 dire flails.
You block the tengu reaver's attack.
The tengu reaver pecks you but does no damage.
You block the tengu reaver's attack.
You take 3 damage, and have 3/157 hp.
You now have 1/51 mp.
You feel better.
The tengu reaver points at you and mumbles some strange words.
The bolt of negative energy misses you.
You regained 10 hp, and now have 13/157 hp.
You slice the yaktaur captain!! You freeze the yaktaur captain.
The yaktaur captain is heavily wounded.
You closely miss the tengu reaver.
The yaktaur captain unwields a +0 arbalest.
The yaktaur captain barely misses you.
You can now merge with and destroy a victim.
You slice the yaktaur captain like a ripe choko!!!
You freeze the yaktaur captain!!
You kill the yaktaur captain!
You hit the tengu reaver but do no damage.
The tengu reaver gestures at you while chanting.
The bolt of acid misses you.
You don't have enough magic at the moment.
You closely miss the tengu reaver.
The tengu reaver is almost dead.
Electricity crackles from the ironbound thunderhulk's apparatus.
The bolt of lightning misses you.
The tengu reaver hits you with a +0 dire flail.
* * * LOW HITPOINT WARNING * * *
The tengu reaver pecks you but does no damage.
You block the tengu reaver's attack.
You take 4 damage, and have 9/158 hp.
Okay, then.
Okay, then.
Magic courses through your body.
Electricity crackles from the ironbound thunderhulk's apparatus.
The bolt of lightning misses you.
The ettin hits you with a +0 dire flail!!
* * * LOW HITPOINT WARNING * * *
The ettin hits you with a +0 dire flail!!
You die...
Your body falls in perfect tune with the rhythm.

.#.......#.....#.{ ,..#....#.....
.'.....).#.....##.##.##....######
.#......^#......#....#...........
.#.......#......#..§.#...........
.'..<....#......# .))#..######'##
.#.......#..#######O##..#.#.....#
.#.......#..#........#..#...#....
.#.......#..#...CQ...#..#......#.
)#########).#...@)...#..#..#.....
............#........#..#####''##
............#...)....#.....#.....
............#........#.....#.....
............###'######.....#.....
...........................#.....
...........................#.....
...........................#.....
...........................#.....


You could see an ironbound thunderhulk, a tengu reaver (repels missiles) and an
ettin.

Vanquished Creatures
  Saint Roka (Vaults:2)
  Arachne (Spider:1)
  Nikola (Vaults:2)
  Asterion (Spider:2)
  A sphinx (Vaults:1)
  An ancient champion (Vaults:2)
  Donald (Spider:3)
  A tengu reaver (Vaults:1)
  Agnes (Spider:4)
  Aizul (Spider:2)
  A frost giant (Vaults:2)
  13 emperor scorpions
  Louise (Spider:4)
  7 ghost moths
  2 vault wardens (Vaults:2)
  A very ugly thing (IceCv)
  5 ironbound preservers
  2 formless jellyfish
  2 broodmothers (Spider:1)
  4 reapers (IceCv)
  6 ironbound thunderhulks
  2 spark wasps (Spider:2)
  Snorg (D:11)
  Azrael (Spider:3)
  5 merfolk impalers
  4 merfolk javelineers
  6 entropy weavers
  3 caustic shrike simulacra (IceCv)
  5 yaktaur captains
  A vault guard (D:14)
  3 hydras
  An ogre mage (D:12)
  3 catoblepae
  6 radroaches
  8 jorogumos
  16 centaur warriors
  An ice dragon (Lair:5)
  5 two-headed ogres
  3 ironbound frosthearts (Vaults:1)
  3 merfolk aquamancers
  6 death yaks (Lair:2)
  8 boulder beetles
  7 satyrs
  3 sphinx skeletons (Vaults:2)
  2 alligator snapping turtles
  8 orc high priests
  13 demonic crawlers
  A deep elf knight (D:12)
  5 skysharks
  Amaemon (Lair:3)
  Nergalle (Orc:1)
  A fire crab (Lair:5)
  7 pharaoh ants
  7 skeletal warriors
  A glowing orange brain (Vaults:2)
  5 sea snakes
  7 orb spiders
  An arcanist (Vaults:2)
  10 deep trolls
  A spriggan simulacrum (IceCv)
  10 ironbound convokers
  3 obsidian statues
  5 orc knights
  3 lindwurms (Vaults:2)
  9 steelbarb worms
  3 necromancers
  6 deep elf pyromancers
  30 wolf spiders
  10 harpies
  7 ugly things
  5 orc sorcerers
  A shadow dragon skeleton (Vaults:2)
  2 tengu skeletons (Vaults:2)
  2 moths of wrath
  28 fauns
  12 manticores
  7 cyclopes
  2 kobold blastminers
  6 meliai
  9 black mambas
  A fire giant skeleton (Vaults:2)
  4 human skeletons (Vaults:2)
  3 molten gargoyles (Lair:5)
  An ice statue (Lair:5)
  7 merfolk sirens
  7 torpor snails
  A gargoyle (D:10)
  14 cane toads
  13 elephants
  2 stone giant skeletons (Vaults:2)
  3 vault sentinels
  2 water nymphs
  An orange demon (Lair:3)
  Jeremiah (D:9)
  2 unseen horrors
  13 komodo dragons
  10 yaktaurs
  An efreet (D:13)
  An ice devil (IceCv)
  A kobold demonologist (D:10)
  A tengu conjurer (D:9)
  8 trolls
  6 freezing wraiths
  3 golden dragon simulacra (IceCv)
  4 wind drakes
  A yaktaur skeleton (Vaults:2)
  An elf skeleton (Vaults:2)
  30 merfolk
  7 blink frogs
  24 tarantellas
  4 hornets (D:9)
  4 polar bears
  10 dream sheep
  2 snapping turtles
  25 culicivoras
  A shadow (D:11)
  4 water elementals
  Sigmund (D:6)
  29 jumping spiders
  4 wraiths
  13 slime creatures
  40 yaks
  8 wyverns
  2 basilisks (Lair:1)
  3 fire elementals
  A warg (D:11)
  A redback (shapeshifter) (D:13)
  3 steam dragons
  10 vampire mosquitoes
  A human simulacrum (Vaults:1)
  71 redbacks
  Edmund (D:6)
  A minotaur simulacrum (IceCv)
  An ogre skeleton (Vaults:1)
  2 hydra simulacra (IceCv)
  A glowing shapeshifter zombie (Vaults:2)
  2 acid dragons
  14 water moccasins
  4 hell hounds
  18 orc warriors
  6 ice beasts
  2 sky beasts
  4 laughing skulls
  3 black bears
  3 ettin simulacra (IceCv)
  7 boggarts
  5 ogres
  11 centaurs
  14 wolves
  An orc skeleton (Vaults:1)
  4 kobold brigands
  2 phantoms
  4 human zombies
  14 bullfrogs
  2 gnoll sergeants
  A deep troll simulacrum (IceCv)
  2 scorpions
  9 wights
  A lindwurm simulacrum (IceCv)
  A killer bee (D:9)
  4 howler monkeys
  5 electric eels
  4 lava snakes (Lair:4)
  2 bombardier beetles
  21 orc priests
  4 hounds
  2 iguanas (D:4)
  33 orc wizards
  9 gnolls
  7 adders
  A shadow imp (D:6)
  5 white imps
  2 dart slugs
  4 ribbon worms
  91 orcs
  4 endoplasms
  3 giant cockroaches
  4 goblins
  4 hobgoblins
  2 jackals (D:2)
  20 kobolds
  3 quokkas
  3 training dummies (D:7)
  7 ball pythons
  3 bats
  4 rats
  A spectral weapon (Spider:2)
1188 creatures vanquished.

Vanquished Creatures (others)
  An entropy weaver (Spider:4)
  A pharaoh ant (Spider:4)
  An orb spider (Spider:4)
  A harpy (Shoals:2)
  A redback (Spider:3)
5 creatures vanquished.

Grand Total: 1193 creatures vanquished

Notes
Turn   | Place    | Note
-------+----------+-------------------------------------------
     0 | D:1      | gimp the Formicid Monk began the quest for the Orb.
     0 | D:1      | Reached XP level 1. HP: 18/18 MP: 1/1
   222 | D:1      | Found a faded altar of an unknown god.
   295 | D:1      | Reached XP level 2. HP: 21/24 MP: 2/2
   526 | D:1      | Reached XP level 3. HP: 14/30 MP: 3/3
   772 | D:2      | Reached skill level 4 in Axes
   796 | D:2      | Reached XP level 4. HP: 14/37 MP: 4/4
  1203 | D:2      | Got Lehudib's Commentary on Rocky Destruction
  1502 | D:3      | Noticed a black bear
  1680 | D:2      | HP: 1/37 [orc priest/divine providence (8)]
  1690 | D:2      | Reached XP level 5. HP: 31/43 MP: 3/5
  1739 | D:4      | Reached skill level 5 in Axes
  1772 | D:4      | Reached XP level 6. HP: 39/49 MP: 1/6
  2252 | D:4      | Reached skill level 5 in Fighting
  2460 | D:5      | Entered Level 5 of the Dungeon
  2460 | D:5      | Noticed an ogre
  2467 | D:4      | Reached skill level 1 in Armour
  2519 | D:5      | Reached skill level 6 in Axes
  2535 | D:5      | Found a staircase to the Ecumenical Temple.
  2544 | Temple   | Entered the Ecumenical Temple
  2555 | Temple   | Became a worshipper of Uskayaw the Reveller
  2555 | Temple   | Reached * piety under Uskayaw
  2605 | D:5      | Reached ** piety under Uskayaw
  2608 | D:5      | Reached XP level 7. HP: 56/56 MP: 3/7
  2723 | D:3      | Identified the +3 spear of Fiupsur {pain, rN+ rCorr Stlth+}
  3033 | D:3      | Noticed mitch45678's ghost (amateur OnFi)
  3038 | D:3      | Found a transporter.
  3060 | D:3      | Found a transporter.
  3168 | D:2      | Found Asel's General Store.
  3527 | D:5      | Noticed a water moccasin
  3545 | D:5      | Killed a water moccasin
  3545 | D:5      | Reached *** piety under Uskayaw
  3546 | D:5      | Reached skill level 7 in Axes
  3754 | D:6      | Reached XP level 8. HP: 56/62 MP: 5/8
  3982 | D:6      | Reached skill level 8 in Axes
  4056 | D:6      | Found a bloodstained altar of Trog.
  4058 | D:6      | Found a burning altar of Makhleb.
  4182 | D:6      | Found an ornate altar of the Wu Jian Council.
  4184 | D:6      | Found a sacrificial altar of Ru.
  4184 | D:6      | Found a basalt altar of Yredelemnul.
  4185 | D:6      | Found a shimmering altar of Xom.
  4185 | D:6      | Found a broken altar of Ashenzari.
  4192 | D:6      | Noticed Edmund
  4202 | D:6      | Killed Edmund
  4422 | D:6      | Reached skill level 5 in Armour
  4460 | D:6      | Reached skill level 9 in Axes
  4460 | D:6      | Reached XP level 9. HP: 63/68 MP: 7/9
  4758 | D:6      | Reached **** piety under Uskayaw
  4762 | D:6      | Reached ***** piety under Uskayaw
  4804 | D:6      | Noticed Sigmund
  4808 | D:6      | Killed Sigmund
  4809 | D:6      | Reached skill level 10 in Axes
  5759 | D:7      | Found Iguumos's Firing Range.
  5766 | D:7      | Bought a throwing net for 48 gold pieces
  6075 | D:7      | Reached skill level 11 in Axes
  6075 | D:7      | Reached XP level 10. HP: 66/74 MP: 7/10
  6331 | D:7      | Reached skill level 1 in Shields
  6610 | D:8      | Noticed a komodo dragon
  6734 | D:8      | Reached XP level 11. HP: 79/79 MP: 10/20
  6891 | D:8      | Found Iruve's Assorted Antiques.
  6903 | D:8      | Bought a pair of heavily runed gloves for 237 gold pieces
  6903 | D:8      | Identified the +0 pair of gloves of the Crypt {Fly rN+
                  | Will+ Int+2} (You bought it in a shop on level 8 of the
                  | Dungeon)
  7286 | D:8      | Found a roughly hewn altar of Beogh.
  7396 | D:8      | Noticed an elephant
  7397 | D:8      | Found a staircase to the Lair.
  7402 | D:8      | Killed an elephant
  7682 | D:9      | Reached skill level 12 in Axes
  7897 | D:9      | Noticed a two-headed ogre
  7906 | D:9      | Killed a two-headed ogre
  8136 | D:9      | Noticed Jeremiah
  8146 | D:9      | Killed Jeremiah
  8286 | D:9      | Reached skill level 5 in Shields
  8772 | D:9      | Noticed a two-headed ogre
  8790 | D:9      | Reached XP level 12. HP: 75/86 MP: 17/21
  8798 | D:9      | Killed a two-headed ogre
  8983 | D:9      | Found an ancient bone altar of Kikubaaqudgha.
  8986 | D:9      | Found a shadowy altar of Dithmenos.
  9243 | D:10     | Entered Level 10 of the Dungeon
  9375 | D:10     | Reached skill level 13 in Axes
 10069 | D:10     | Noticed a two-headed ogre
 10076 | D:10     | Killed a two-headed ogre
 10137 | D:11     | Noticed Snorg
 10263 | D:11     | Reached skill level 14 in Axes
 10278 | D:11     | Found a staircase to the Orcish Mines.
 10571 | D:11     | Noticed a two-headed ogre
 10581 | D:11     | Killed a two-headed ogre
 10797 | D:11     | Reached XP level 13. HP: 59/91 MP: 14/22
 10798 | D:11     | Killed Snorg
 10821 | D:11     | Reached skill level 15 in Axes
 11137 | D:11     | Found a hide-covered altar of Uskayaw.
 11709 | D:12     | Noticed an ogre mage
 11715 | D:12     | Noticed a centaur warrior
 11748 | Orc:1    | Entered Level 1 of the Orcish Mines
 12014 | Orc:2    | Entered Level 2 of the Orcish Mines
 12086 | Orc:2    | Found a staircase to the Elven Halls.
 12158 | Orc:2    | Reached skill level 16 in Axes
 12490 | Orc:1    | Found a roughly hewn altar of Beogh.
 12509 | Orc:1    | Noticed Nergalle
 12524 | Orc:1    | Killed Nergalle
 12542 | Orc:1    | Reached ****** piety under Uskayaw
 13246 | Orc:2    | Reached skill level 10 in Armour
 13830 | Orc:2    | Reached XP level 14. HP: 66/98 MP: 14/23
 13961 | Orc:2    | Found Edomyir's Book Shoppe.
 13961 | Orc:2    | Found Gexkanko's Magic Scroll Shop.
 13963 | Orc:2    | Found Qephie's Assorted Antiques.
 13963 | Orc:2    | Found Uschoh's Distillery.
 13973 | Orc:2    | Bought a potion of curing for 39 gold pieces
 13977 | Orc:2    | Bought a scroll of identify for 28 gold pieces
 13977 | Orc:2    | Bought a scroll of fear for 56 gold pieces
 13977 | Orc:2    | Bought a scroll of identify for 28 gold pieces
 13977 | Orc:2    | Bought a scroll of brand weapon for 133 gold pieces
 13977 | Orc:2    | Bought a scroll of fear for 56 gold pieces
 13979 | Orc:2    | Bought a potion of heal wounds for 65 gold pieces
 13979 | Orc:2    | Bought a potion of might for 52 gold pieces
 13980 | Orc:2    | Bought a scroll labelled PEONOW YJUTO for 33 gold pieces
 13980 | Orc:2    | Bought a glowing grey potion for 29 gold pieces
 13980 | Orc:2    | Bought a scroll labelled XUEZA DAPP for 33 gold pieces
 13983 | Orc:2    | Bought a scroll of brand weapon for 313 gold pieces
 14446 | Lair:1   | Entered Level 1 of the Lair of Beasts
 14456 | Lair:1   | Reached skill level 17 in Axes
 14613 | Lair:1   | Identified the ring "Peuv" {MP+9 Str+6 SInv}
 15603 | Lair:2   | Reached skill level 18 in Axes
 15685 | Lair:2   | Identified the +5 war axe of the Valley of Death {freeze,
                  | rCorr}
 16679 | Lair:3   | Found a hole to the Spider Nest.
 16762 | Lair:3   | Noticed Amaemon
 16790 | Lair:3   | Killed Amaemon
 17107 | Lair:3   | Reached XP level 15. HP: 90/100 MP: 24/24
 17563 | Lair:3   | Found a staircase to the Shoals.
 18442 | Lair:4   | Found a viscous altar of Jiyva.
 18444 | Lair:4   | Found a staircase to the Slime Pits.
 18694 | Lair:5   | Entered Level 5 of the Lair of Beasts
 18770 | Lair:5   | Reached skill level 19 in Axes
 19854 | Lair:5   | Found a runed translucent gate.
 19854 | Lair:5   | Found a runed translucent gate.
 19854 | Lair:5   | Found a runed translucent gate.
 19859 | Lair:5   | Noticed dolemite99's ghost (journeyman DsSh)
 19860 | Lair:5   | Noticed occam's ghost (journeyman CoHu)
 20592 | D:12     | Reached skill level 20 in Axes
 21291 | D:13     | Reached XP level 16. HP: 111/111 MP: 25/25
 22365 | D:14     | Found a gate to the Vaults.
 23093 | D:15     | Entered Level 15 of the Dungeon
 23404 | D:15     | Found a broken altar of Ashenzari.
 23684 | D:15     | Found a staircase to the Depths.
 24026 | Spider:1 | Entered Level 1 of the Spider Nest
 24076 | Spider:1 | Reached skill level 1 in Evocations
 24331 | Spider:1 | Reached skill level 15 in Armour
 24752 | Spider:1 | HP: 5/119 [demonic crawler (1)]
 25423 | Spider:2 | Noticed Arachne
 25446 | Spider:2 | Noticed Asterion
 25458 | Spider:1 | Reached XP level 17. HP: 110/126 MP: 27/27
 25637 | Spider:1 | Killed Arachne
 25988 | Spider:2 | Reached skill level 5 in Evocations
 26325 | Spider:2 | Reached skill level 5 in Dodging
 26435 | Spider:2 | Identified the serpent talisman "Qink" {Fly Int+3}
 26435 | Spider:2 | Noticed Aizul
 26456 | Spider:2 | HP: 4/127 [Aizul (11)]
 26460 | Spider:2 | Killed Aizul
 26461 | Spider:2 | Reached skill level 10 in Fighting
 27542 | Spider:2 | Noticed an Executioner
 27542 | Spider:2 | Killed Asterion
 29115 | Spider:3 | Noticed Azrael
 30070 | Spider:3 | Killed Azrael
 30074 | Spider:3 | Noticed Donald
 30083 | Spider:3 | Reached XP level 18. HP: 130/131 MP: 28/28
 30083 | Spider:3 | Killed Donald
 30706 | Spider:4 | Entered Level 4 of the Spider Nest
 30781 | Spider:4 | HP: 7/141 [poisoned by a wolf spider]
 30786 | Spider:3 | HP: 3/141 [poisoned by a wolf spider]
 31159 | Spider:3 | Reached skill level 10 in Evocations
 31530 | Spider:4 | Noticed Louise
 31556 | Spider:3 | Gained mutation: Your health recovers twice as slowly from
                  | being drained. [mutagenic glow]
 31559 | Spider:3 | HP: 4/143 [radroach (9)]
 31918 | Spider:4 | Noticed Agnes
 32079 | Spider:4 | Killed Agnes
 32524 | Spider:3 | HP: 7/144 [poisoned by an emperor scorpion]
 32529 | Spider:3 | HP: 4/144 [poisoned by an emperor scorpion]
 33531 | Spider:4 | Killed Louise
 33951 | Spider:4 | Reached XP level 19. HP: 41/152 MP: 7/29
 34551 | Spider:4 | Identified the +2 pair of boots of the Puckish God {Int+4}
 34571 | Spider:4 | Got a gossamer rune of Zot
 34745 | Shoals:1 | Entered Level 1 of the Shoals
 34981 | Shoals:1 | Found Ytreom's General Store.
 34989 | Shoals:1 | Bought a scroll of fear for 80 gold pieces
 34989 | Shoals:1 | Bought a scroll of fear for 80 gold pieces
 35133 | Shoals:1 | Found a runed translucent gate.
 35133 | Shoals:1 | Found a runed translucent gate.
 35133 | Shoals:1 | Found a runed translucent gate.
 35635 | Shoals:1 | Noticed hikkokomori's ghost (adept CoBe)
 35716 | Shoals:2 | Found a glacial archway.
 35769 | IceCv    | Entered an ice cave
 36207 | IceCv    | Reached skill level 15 in Fighting
 36808 | Shoals:2 | Found a transporter.
 36811 | Shoals:2 | Found a transporter.
 36908 | Shoals:2 | Found a transporter.
 36916 | Shoals:2 | Found a transporter.
 37598 | Shoals:2 | Found a transporter.
 37607 | Shoals:2 | Found a transporter.
 38584 | Shoals:4 | Entered Level 4 of the Shoals
 38899 | Shoals:4 | Identified the +1 morningstar of Zevedgha {venom, rN+ MP+9}
 39362 | Shoals:4 | Identified the +1 ring mail "Wunoqaap" {rC+ Int+2}
 40204 | Shoals:4 | Identified the +6 quarterstaff "Dunlid" {freeze, rC- rN+
                  | rCorr Str+5}
 40266 | Shoals:4 | Identified the ring "Zoupp" {rPois rF+ MP+9 Int+3}
 40485 | Shoals:4 | Reached XP level 20. HP: 162/166 MP: 30/30
 40724 | Shoals:4 | Identified the ring "Irawou" {rF+ Int+2 Stlth+}
 41519 | Shoals:4 | Got the Book of the Elixir and Frostbite
 41672 | Shoals:4 | Got a barnacled rune of Zot
 42131 | Vaults:1 | Entered Level 1 of the Vaults
 42768 | Vaults:1 | Found Ynuij's Jewellery Emporium.
 43522 | Vaults:2 | Reached skill level 10 in Shields
 43994 | Vaults:2 | Reached skill level 15 in Invocations
 44636 | Vaults:2 | Noticed Nikola
 44651 | Vaults:2 | Killed Nikola
 44712 | Vaults:2 | Noticed Saint Roka
 44724 | Vaults:2 | Killed Saint Roka
 44725 | Vaults:2 | Reached XP level 21. HP: 147/174 MP: 32/32
 45618 | Vaults:2 | Found a staircase to the Crypt.
 45745 | Vaults:2 | HP: 6/157 [tengu reaver/+0 dire flail (9)]
 45751 | Vaults:2 | HP: 2/158 [ettin/+0 dire flail (7)]
 45751 | Vaults:2 | Demolished by an ettin

Illustrated notes

Levels and vault maps discovered:
D:1:      minmay_arrival_up_and_down, layout_rooms,
          shapermc_ecumenical_altar_ellora, hangedman_decor_opposing
D:2:      layout_loops_ring, serial_shops, shop, chequers_serial_rivers_micro_c
D:3:      layout_rooms, gammafunk_ghost_gnarly_gnolls
D:4:      layout_rooms
D:5:      layout_cave_pods, minmay_temple_entry_waves, minmay_misc_feat_plants
D:6:      layout_basic, grunt_temple_overflow_open, corexii_corridor_pit,
          uniq_sigmund, uniq_edmund
D:7:      layout_basic, nicolae_shop_firing_range
D:8:      layout_gridville, grunt_lair_entry_orc_guard_hut, serial_shops, shop,
          special_room [special_room_orc], nicolae_nh_ransacked_shop
D:9:      minmay_the_grid_square_5x5_3x3 [minmay_the_grid_square_5x5_checkered,
          minmay_the_grid_square_5x5_v, minmay_the_grid_square_5x5_shuriken,
          minmay_the_grid_square_5x5_minivault,
          minmay_the_grid_square_5x5_megaprize_hollow,
          minmay_the_grid_square_5x5_bridge, minmay_the_grid_square_5x5_meh,
          minmay_the_grid_square_5x5_fat_x, minmay_the_grid_square_5x5_plus],
          layout_gridville, chequers_temple_overflow_statue_of_worship,
          nicolae_benzene_ring, grunt_ministairs_9, uniq_jeremiah
D:10:     layout_irregular_city, mrwooster_statue_mirror
D:11:     argonaut_augean_stables, layout_basic, david_orc_3,
          eat_drink_and_be_merry_uskayaw, uniq_snorg
D:12:     layout_cross, solitary_fountain, minmay_shattered_shrine
D:13:     layout_basic
D:14:     layout_loops_ring, hellmonk_vaults_order_and_chaos
D:15:     hangedman_slaughterboxes
Temple:   hellmonk_temple_forest_ring
Lair:1:   layout_hall_layers, grunt_megastairs_2, lemuel_fruit_fields
Lair:2:   layout_concentric_octagons, beast_lair_carwin_2, grunt_megastairs_5,
          lemuel_fruit_tree
Lair:3:   layout_gridlike, mainiacjoe_shoals_entry_four_pools,
          spider_nest_entry_funnel_web, uniq_amaemon
Lair:4:   layout_roguey, dpeg_slime_entry_corner, nicolae_lair_liquid_snakes
Lair:5:   cheibrodos_lair_end_hotspot, layout_regular_city,
          gammafunk_ghost_cemetery, ice2_lemuel
Shoals:1: layout_shoals, serial_shops, shop, ebering_ghost_rock_garden
Shoals:2: layout_shoals, portal_ice_cave_entry_pillars_2, serial_nicolae_subway,
          nicolae_sub_station_stone, nicolae_sub_station_crystal,
          nicolae_sub_station_metal
Shoals:3: layout_shoals
Shoals:4: shoals_end_grunt_garden, layout_shoals
Spider:1: layout_spider_delve, guppyfry_spider_mini_2
Spider:2: spider_temple_joshua, drop_trap, uniq_asterion, uniq_aizul,
          uniq_arachne
Spider:3: layout_spider_delve, nicolae_spider_bug_shape, uniq_azrael,
          uniq_donald
Spider:4: grunt_spider_rune_circles, nicolae_spider_some_kinda_spiderbox,
          uniq_louise, uniq_agnes
Orc:1:    layout_caves, minmay_orc_temple_a, uniq_nergalle
Orc:2:    grunt_orc_tribal_feast, layout_diamond_mine
Vaults:1: v_misc_25, vaults_room_octagon, nicolae_vaults_little_squares_1,
          vaults_mumra_hex, layout_vaults_omnigrid, serial_shops, shop
Vaults:2: nicolae_vaults_shock_wave, nicolae_vaults_network_quinsquares
          [nicolae_vaults_network_quincunx_subvault,
          nicolae_vaults_network_quincunx_subvault,
          nicolae_vaults_network_quincunx_subvault,
          nicolae_vaults_network_quincunx_subvault], hangedman_vaults_trim,
          v_misc_15, v_alt_pattern_3, nicolae_vaults_tetromino_L_1,
          minmay_crypt_entry_skeletal_spiral, layout_vaults_big_room,
          uniq_nikola, uniq_saint_roka

Skill      XL: |  1  2  3  4  5  6  7  8  9 10 11 12 13 14 15 16 17 18 19 20 21 |
---------------+----------------------------------------------------------------+-----
Axes           | 4 5 6 7 9 11 12 14 16 18 20 | 20.0
Fighting       | 4 5 9 11 14 16 17 | 17.0
Armour         | 1 3 5 7 8 9 10 12 14 15 16 18 19 | 19.0
Shields        | 1 5 8 9 12 13 | 13.2
Invocations    | 12 13 14 15 16 | 16.4
Evocations     | 4 8 11 | 11.0
Dodging        | 4 7 |  7.1

Action                     |  1- 3 |  4- 6 |  7- 9 | 10-12 | 13-15 | 16-18 | 19-21 || total
---------------------------+-------+-------+-------+-------+-------+-------+-------++-------
  Melee: Hand axe          |    69 |   126 |    53 |       |       |       |       ||   248
         Morningstar       |       |       |    63 |       |       |       |       ||    63
         War axe           |       |       |    59 |   234 |       |       |       ||   293
         Battleaxe         |       |       |     9 |   119 |   874 |  1088 |   984 ||  3074
         Flail             |       |       |       |       |    11 |       |       ||    11
  Throw: Throwing net      |       |       |       |       |       |     2 |       ||     2
         Dart              |       |       |       |       |       |     2 |       ||     2
 Invoke: Line Pass         |       |       |       |     2 |     1 |    14 |    11 ||    28
         Grand Finale      |       |       |       |       |     2 |     6 |     7 ||    15
Ability: Dig               |       |     1 |     1 |       |     4 |       |     1 ||     7
  Evoke: Wand              |       |       |       |     3 |     5 |    14 |    16 ||    38
         Lightning rod     |       |       |       |       |     3 |     9 |     3 ||    15
         Tin of tremorston |       |       |       |       |       |     4 |     3 ||     7
    Use: Potion            |     1 |     2 |       |     2 |     3 |     9 |     7 ||    24
         Scroll            |       |       |     1 |    11 |    14 |     6 |     6 ||    38
   Stab: Paralysed         |       |       |    10 |    38 |   114 |    90 |    83 ||   335
         Invisible         |       |       |       |     1 |       |       |       ||     1
         Petrified         |       |       |       |       |     1 |       |       ||     1
         Confused          |       |       |       |       |       |     9 |     8 ||    17
         Distracted        |       |       |       |       |       |     1 |       ||     1
 Armour: Robe              |    36 |    33 |       |       |       |       |       ||    69
         Scale mail        |       |    70 |   144 |    21 |       |       |   112 ||   347
         Steam dragon scal |       |       |       |    36 |       |       |       ||    36
         Plate armour      |       |       |       |   220 |   705 |  1023 |   588 ||  2536
  Dodge: Dodged            |    56 |   109 |    88 |   114 |   234 |   430 |   304 ||  1335
  Block: Buckler           |       |       |       |    75 |   216 |   161 |       ||   452
         Kite shield       |       |       |       |       |       |   333 |   301 ||   634
         Reflection        |       |       |       |       |       |     2 |    26 ||    28
         Tower shield      |       |       |       |       |       |       |   341 ||   341

Table legend: (Time is in decaauts)
 A = Elapsed time spent in this place.
 B = Non-inter-level travel time spent in this place.
 C = Inter-level travel time spent in this place.
 D = Time resting spent in this place.
 E = Time spent auto-exploring this place.
 F = Levels seen in this place.
 G = Mean time per level.
                   A        B        C        D        E       F      G
               +--------+--------+--------+--------+--------+-----+--------+
         Total |  45229 |  42755 |   2474 |   2013 |  32087 |  34 | 1330.3 |
       Dungeon |  16118 |  14756 |   1362 |    379 |  11147 |  15 | 1074.5 |
        Temple |     22 |     12 |     10 |      0 |      0 |   1 |   22.0 |
          Lair |   5804 |   5479 |    325 |      5 |   4637 |   5 | 1160.8 |
        Shoals |   6093 |   5926 |    167 |     83 |   4672 |   4 | 1523.2 |
   Spider Nest |  10468 |  10073 |    395 |   1119 |   7050 |   4 | 2617.0 |
  Orcish Mines |   2175 |   2075 |    100 |    167 |   1415 |   2 | 1087.5 |
        Vaults |   3531 |   3418 |    113 |     42 |   2708 |   2 | 1765.5 |
      Ice Cave |   1015 |   1015 |      0 |    217 |    458 |   1 | 1015.0 |
               +--------+--------+--------+--------+--------+-----+--------+

Top non-repeatable levels by time:
Spider:3: 3576 daAuts
Spider:2: 3300 daAuts
Shoals:3: 2401 daAuts
Spider:1: 2100 daAuts
Vaults:2: 1931 daAuts
Shoals:4: 1825 daAuts
     D:9: 1795 daAuts
   Orc:2: 1636 daAuts
Vaults:1: 1599 daAuts
    D:11: 1579 daAuts
     D:6: 1506 daAuts
Spider:4: 1490 daAuts
  Lair:5: 1405 daAuts
  Lair:3: 1281 daAuts
  Lair:2: 1251 daAuts
